Wild vs Coyotes
Created - 8 décembre 2013 at 21:55
Goals
|
| Wild |
0 |
3 |
0 |
3 |
| Coyotes |
0 |
1 |
0 |
1 |
|
Shots
|
| Wild |
13 |
16 |
9 |
38 |
| Coyotes |
10 |
11 |
8 |
29 |
|
1st period
No Goal
Penalties :
Chris Drury (Min) for Tripping (Minor) at 4:16, Vaclav Prospal (Min) for Interference (Minor) at 17:06
2nd period
1. Wild , Jozef Stumpel 11 (Chris Drury) at 3:29 (PP)
2. Wild , Vaclav Prospal 7 (Mike Green) at 4:25
3. Coyotes , Tom Poti 5 (Marian Gaborik, Brenden Morrow) at 13:49 (PP)
4. Wild , R.J. Umberger 7 (Mike Green, Nathan Dempsey) at 17:36
Penalties :
Chris Drury (Min) for Goalie Interference (Minor) at 0:07, Sergei Samsonov (Pho) for Interference (Minor) at 3:23, Fedor Tyutin (Min) for Hooking (Minor) at 13:33, Jozef Stumpel (Min) for High sticking (Minor) at 18:31
3rd period
No Goal
Penalties :
Denis Grebeshkov (Pho) for Tripping (Minor) at 7:59, Jonathan Rheault (Min) for Hooking (Minor) at 10:42, Jozef Stumpel (Min) for Tripping (Minor) at 16:53, Brenden Morrow (Pho) for Holding Stick (Minor) at 17:36
Goalie Stats
Julien Ellis (Min), 28 saves from 29 shots - (0,966), W, 6-0-1, 60:00 minutes
Ryan Miller (Pho), 35 saves from 38 shots - (0,921), L, 9-11-2, 60:00 minutes
Players Stats for Wild
Player Name G A P +/- PIM S H SB GA TA FO MP PP MP PK MP
------------------------------------------------------------------------------------
Alexei Kovalev 0 0 0 0 0 2 4 1 2 1 1/2 20:10 1:23 2:36
Anson Carter 0 0 0 2 0 3 1 1 0 0 0/0 13:34 1:24 0:00
Brian Rolston 0 0 0 0 0 3 2 0 0 0 0/4 15:15 0:00 4:13
Chris Drury 0 1 1 0 4 4 0 0 0 0 16/37 22:06 1:24 3:57
Chris Higgins 0 0 0 0 0 0 1 0 0 0 1/1 14:20 0:00 2:53
Fedor Tyutin 0 0 0 1 2 3 1 0 0 1 0/0 20:17 1:19 3:57
Fredrik Modin 0 0 0 0 0 0 0 0 0 0 0/0 5:50 0:00 0:00
Glen Metropolit 0 0 0 0 0 0 2 0 0 0 1/2 7:59 0:00 2:09
Jonathan Rheault 0 0 0 0 2 0 0 0 0 0 0/0 5:51 0:00 0:00
Jozef Stumpel 1 0 1 0 4 6 3 3 0 1 0/1 21:36 1:24 4:01
Mark Eaton 0 0 0 1 0 0 2 3 1 1 0/0 20:34 1:19 4:13
Mike Green 0 2 2 1 0 2 1 1 0 1 0/0 27:31 1:29 6:20
Nathan Dempsey 0 1 1 1 0 2 2 1 0 1 0/0 27:31 1:29 6:20
Niclas Wallin 0 0 0 0 0 4 0 1 1 1 0/0 11:55 0:00 0:21
R.J. Umberger 1 0 1 2 0 2 0 0 0 0 0/0 13:34 1:24 0:00
Rod Brind'Amour 0 0 0 0 0 1 1 0 0 0 2/9 11:37 0:01 0:00
Shane Hnidy 0 0 0 0 0 0 1 1 0 0 0/0 12:11 0:00 0:37
Vaclav Prospal 1 0 1 2 2 6 2 1 0 0 3/8 15:52 1:24 1:59
Players Stats for Coyotes
Player Name G A P +/- PIM S H SB GA TA FO MP PP MP PK MP
------------------------------------------------------------------------------------
Bill Guerin 0 0 0 -2 0 1 2 1 1 1 0/0 17:32 4:50 0:00
Brenden Morrow 0 1 1 0 2 0 0 0 0 0 1/3 21:04 6:00 0:40
Chad Larose 0 0 0 0 0 2 1 0 0 0 0/0 10:57 0:00 0:33
Craig Adams 0 0 0 0 0 4 0 0 1 0 0/0 8:22 0:00 0:33
Denis Grebeshkov 0 0 0 -1 2 0 0 3 1 0 0/0 27:17 6:47 0:10
Drew Miller 0 0 0 -2 0 3 0 1 1 0 1/1 19:07 4:50 1:33
Frans Nielsen 0 0 0 -2 0 3 2 0 0 1 7/12 19:07 4:50 1:33
Jiri Fischer 0 0 0 -1 0 0 0 1 0 0 0/0 12:36 0:00 1:00
Joël Perrault 0 0 0 0 0 1 0 0 0 0 1/2 7:58 0:00 0:09
Kurt Sauer 0 0 0 0 0 2 0 2 0 0 0/0 15:20 0:00 1:46
Lukas Krajicek 0 0 0 -1 0 1 0 0 0 0 0/0 17:59 4:07 1:25
Marian Gaborik 0 1 1 0 0 5 1 0 1 0 1/2 21:41 6:04 0:33
Maxim Lapierre 0 0 0 0 0 1 2 1 1 1 2/6 10:24 0:00 0:00
Riley Cote 0 0 0 0 0 0 0 0 0 0 0/0 7:49 0:00 0:00
Sami Lepisto 0 0 0 0 0 0 0 0 0 0 0/0 18:34 4:07 0:00
Sergei Samsonov 0 0 0 0 2 2 3 0 0 0 0/0 10:43 0:03 0:00
Tim Connolly 0 0 0 0 0 2 0 0 1 1 27/38 21:06 6:04 0:02
Tom Poti 1 0 1 -1 0 2 1 1 0 0 0/0 28:17 6:47 1:15
3 Stars
1 - Julien Ellis (Min)
2 - R.J. Umberger (Min)
3 - Mike Green (Min)
Power Play
Wild - 1 on 3 Attempt(s) - 33,33%
Coyotes - 1 on 7 Attempt(s) - 14,29%
Penalty Kill
Wild - 6 on 7 Attempt(s) - 85,71%
- Score 0 goal in Penalty Kill
Coyotes - 2 on 3 Attempt(s) - 66,67%
- Score 0 goal in Penalty Kill
Official
Referees : VanMassenhoven Don and L'Ecuyer Frederick
Linesman : Tim Nowak and Steve Miller
Game Notes
No Game Note
Finance
Level 1 -- Attendance: 4247 (70,78%) -- Ticket Income 403 465 $
Level 2 -- Attendance: 3926 (78,52%) -- Ticket Income 223 782 $
Level 3 -- Attendance: 1441 (72,05%) -- Ticket Income 46 112 $
Level 4 -- Attendance: 3494 (87,35%) -- Ticket Income 62 892 $
Luxury Box -- Attendance: 657 (65,70%) -- Ticket Income 124 830 $
Game was played at the The Pack Center
Total Attendance: 13765 (76,47%)
Total Ticket Income: 861 081 $
Other Income: 129 162 $
Total Income: 990 243 $
Wild
5 vs 5 Forward
Center Left Wing Right Wing Time % Phy DF OF
1 Chris Drury Jozef Stumpel Alexei Kovalev 40 1 2 2
2 Vaclav Prospal R.J. Umberger Anson Carter 30 1 2 2
3 Rod Brind'Amour Chris Higgins Brian Rolston 20 1 2 2
4 Glen Metropolit Fredrik Modin Jonathan Rheault 10 1 2 2
5 vs 5 Defense
Defense Defense Time % Phy DF OF
1 Mike Green Nathan Dempsey 40 1 2 2
2 Fedor Tyutin Mark Eaton 30 1 2 2
3 Niclas Wallin Shane Hnidy 20 1 2 2
4 Mike Green Nathan Dempsey 10 1 2 2
PowerPlay Forward
Center Left Wing Right Wing Time % Phy DF OF
1 Chris Drury Jozef Stumpel Alexei Kovalev 60 1 2 2
2 Vaclav Prospal R.J. Umberger Anson Carter 40 1 2 2
PowerPlay Defense
Defense Defense Time % Phy DF OF
1 Mike Green Nathan Dempsey 60 1 2 2
2 Fedor Tyutin Mark Eaton 40 1 2 2
Penalty Kill 4 Players Forward
Center Wing Time % Phy DF OF
1 Chris Drury Jozef Stumpel 60 1 2 2
2 Vaclav Prospal Alexei Kovalev 40 1 2 2
Penalty Kill 4 Players Defense
Defense Defense Time % Phy DF OF
1 Mike Green Nathan Dempsey 60 1 2 2
2 Fedor Tyutin Mark Eaton 40 1 2 2
Penalty Kill - 3 Players Forward
Forward Time % Phy DF OF
1 Chris Drury 60 1 2 2
2 Jozef Stumpel 40 1 2 2
Penalty Kill - 3 Players Defense
Defense Defense Time % Phy DF OF
1 Mike Green Nathan Dempsey 60 1 2 2
2 Fedor Tyutin Mark Eaton 40 1 2 2
4 vs 4 Forward
Center Wing Time % Phy DF OF
1 Chris Drury Jozef Stumpel 60 1 2 2
2 Vaclav Prospal Alexei Kovalev 40 1 2 2
4 vs 4 Defense
Defense Defense Time % Phy DF OF
1 Mike Green Nathan Dempsey 60 1 2 2
2 Fedor Tyutin Mark Eaton 40 1 2 2
Last Minutes Offensive
Center Left Wing Right Wing Defense Defense
Chris Drury Jozef Stumpel Alexei Kovalev Mike Green Nathan Dempsey
Last Minutes Defensive
Center Left Wing Right Wing Defense Defense
Chris Drury Jozef Stumpel Alexei Kovalev Mike Green Nathan Dempsey
Goaltenders
Starting : Julien Ellis
Backup : Martin Brodeur
Extra Forwards
Normal : Rod Brind'Amour, Chris Higgins, Brian Rolston - PP : Rod Brind'Amour, Chris Higgins - PK : Brian Rolston
Extra Defensemen
Normal : Niclas Wallin, Shane Hnidy, Fedor Tyutin - PP : Niclas Wallin - PK : Shane Hnidy, Fedor Tyutin
Penalty Shots
Chris Drury, Jozef Stumpel, Vaclav Prospal, Alexei Kovalev, R.J. Umberger
Coyotes
5 vs 5 Forward
Center Left Wing Right Wing Time % Phy DF OF
1 Tim Connolly Brenden Morrow Marian Gaborik 40 1 2 2
2 Frans Nielsen Drew Miller Bill Guerin 30 1 2 2
3 Maxim Lapierre Sergei Samsonov Chad Larose 20 1 2 2
4 Joël Perrault Riley Cote Craig Adams 10 1 2 2
5 vs 5 Defense
Defense Defense Time % Phy DF OF
1 Tom Poti Denis Grebeshkov 40 1 2 2
2 Sami Lepisto Kurt Sauer 30 1 2 2
3 Lukas Krajicek Jiri Fischer 20 1 2 2
4 Tom Poti Denis Grebeshkov 10 1 2 2
PowerPlay Forward
Center Left Wing Right Wing Time % Phy DF OF
1 Tim Connolly Brenden Morrow Marian Gaborik 60 1 1 3
2 Frans Nielsen Drew Miller Bill Guerin 40 1 1 3
PowerPlay Defense
Defense Defense Time % Phy DF OF
1 Tom Poti Denis Grebeshkov 60 1 2 2
2 Lukas Krajicek Sami Lepisto 40 1 2 2
Penalty Kill 4 Players Forward
Center Wing Time % Phy DF OF
1 Frans Nielsen Drew Miller 60 1 3 1
2 Craig Adams Chad Larose 40 1 3 1
Penalty Kill 4 Players Defense
Defense Defense Time % Phy DF OF
1 Tom Poti Kurt Sauer 60 1 3 1
2 Denis Grebeshkov Jiri Fischer 40 1 3 1
Penalty Kill - 3 Players Forward
Forward Time % Phy DF OF
1 Drew Miller 60 1 3 1
2 Chad Larose 40 1 3 1
Penalty Kill - 3 Players Defense
Defense Defense Time % Phy DF OF
1 Tom Poti Kurt Sauer 60 1 3 1
2 Denis Grebeshkov Jiri Fischer 40 1 3 1
4 vs 4 Forward
Center Wing Time % Phy DF OF
1 Tim Connolly Marian Gaborik 60 1 2 2
2 Frans Nielsen Drew Miller 40 1 2 2
4 vs 4 Defense
Defense Defense Time % Phy DF OF
1 Tom Poti Denis Grebeshkov 60 1 2 2
2 Sami Lepisto Kurt Sauer 40 1 2 2
Last Minutes Offensive
Center Left Wing Right Wing Defense Defense
Tim Connolly Brenden Morrow Marian Gaborik Tom Poti Denis Grebeshkov
Last Minutes Defensive
Center Left Wing Right Wing Defense Defense
Frans Nielsen Drew Miller Chad Larose Tom Poti Kurt Sauer
Goaltenders
Starting : Ryan Miller
Backup : Al Montoya
Extra Forwards
Normal : Bill Guerin, Sergei Samsonov, Drew Miller - PP : Bill Guerin, Sergei Samsonov - PK : Marian Gaborik
Extra Defensemen
Normal : Sami Lepisto, Jiri Fischer, Denis Grebeshkov - PP : Sami Lepisto - PK : Lukas Krajicek, Denis Grebeshkov
Penalty Shots
Marian Gaborik, Brenden Morrow, Tim Connolly, Frans Nielsen, Drew Miller
% Time on Ice - Wild
Lines # - Real PCT - Wanted PCT - Time Play
Normal Forward
1 - 36% - 40% - 16:13
2 - 28% - 30% - 12:28
3 - 24% - 20% - 10:37
4 - 13% - 10% - 5:44
Normal Defense
1 - 38% - 40% - 17:09
2 - 32% - 30% - 14:19
3 - 26% - 20% - 11:34
4 - 4% - 10% - 2:00
PP Forward
1 - 50% - 60% - 1:24
2 - 50% - 40% - 1:24
PP Defense
1 - 53% - 60% - 1:29
2 - 47% - 40% - 1:19
PK Forward
1 - 76% - 60% - 8:18
2 - 24% - 40% - 2:36
PK Defense
1 - 61% - 60% - 6:41
2 - 39% - 40% - 4:13
PK3 Forward
1 - 0% - 60%
2 - 0% - 40%
PK3 Defense
1 - 0% - 60%
2 - 0% - 40%
44 Forward
1 - 100% - 60% - 1:16
2 - 0% - 40% - 0:00
44 Defense
1 - 43% - 60% - 0:33
2 - 57% - 40% - 0:43
Last Minute Offensive - 0:00
Last Minute Defensive - 0:00
Total
Forward - 60:00
Defense - 60:00
|
% Time on Ice - Coyotes
Lines # - Real PCT - Wanted PCT - Time Play
Normal Forward
1 - 32% - 40% - 14:24
2 - 28% - 30% - 12:25
3 - 23% - 20% - 10:24
4 - 17% - 10% - 7:49
Normal Defense
1 - 39% - 40% - 17:41
2 - 35% - 30% - 15:39
3 - 22% - 20% - 10:02
4 - 4% - 10% - 1:40
PP Forward
1 - 56% - 60% - 6:04
2 - 44% - 40% - 4:50
PP Defense
1 - 62% - 60% - 6:47
2 - 38% - 40% - 4:07
PK Forward
1 - 80% - 60% - 2:15
2 - 20% - 40% - 0:33
PK Defense
1 - 64% - 60% - 1:48
2 - 36% - 40% - 1:00
PK3 Forward
1 - 0% - 60%
2 - 0% - 40%
PK3 Defense
1 - 0% - 60%
2 - 0% - 40%
44 Forward
1 - 78% - 60% - 0:59
2 - 22% - 40% - 0:17
44 Defense
1 - 71% - 60% - 0:54
2 - 29% - 40% - 0:22
Last Minute Offensive - 0:00
Last Minute Defensive - 0:00
Total
Forward - 60:00
Defense - 60:00
|
Play by Play
1st period
0:01 of 1st period - Chris Drury wins face-off versus Tim Connolly in neutral zone.
0:26 of 1st period - Tom Poti is hit by Mike Green and loses puck.
0:57 of 1st period - Off-side.
0:58 of 1st period - Glen Metropolit wins face-off versus Joël Perrault in neutral zone.
1:24 of 1st period - Tim Connolly is hit by Shane Hnidy and loses puck.
2:32 of 1st period - Riley Cote is hit by Jozef Stumpel and loses puck.
2:51 of 1st period - Mike Green is hit by Marian Gaborik and loses puck.
3:25 of 1st period - Snap shot by Vaclav Prospal.
3:25 of 1st period - Stopped by Ryan Miller without a rebound.
3:26 of 1st period - Tim Connolly wins face-off versus Vaclav Prospal in Coyotes zone.
3:35 of 1st period - Wrist shot by Vaclav Prospal.
3:35 of 1st period - Stopped by Ryan Miller without a rebound.
3:36 of 1st period - Chris Drury wins face-off versus Tim Connolly in Coyotes zone.
3:41 of 1st period - Wrist shot by Jozef Stumpel.
3:41 of 1st period - Stopped by Ryan Miller with a rebound.
3:43 of 1st period - Slapshot by Niclas Wallin.
3:43 of 1st period - Stopped by Ryan Miller without a rebound.
3:44 of 1st period - Frans Nielsen wins face-off versus Chris Drury in Coyotes zone.
3:55 of 1st period - Slapshot by Chris Drury.
3:55 of 1st period - Stopped by Ryan Miller without a rebound.
3:56 of 1st period - Tim Connolly wins face-off versus Chris Drury in Coyotes zone.
3:56 of 1st period - Tim Connolly is hit by Jozef Stumpel.
4:08 of 1st period - Brenden Morrow is hit by Alexei Kovalev and loses puck.
4:16 of 1st period - Minor Penalty to Chris Drury for Tripping.
4:17 of 1st period - Tim Connolly wins face-off versus Brian Rolston in Wild zone.
4:32 of 1st period - Wrist shot by Tim Connolly.
4:32 of 1st period - Stopped by Julien Ellis without a rebound.
4:33 of 1st period - Tim Connolly wins face-off versus Brian Rolston in Wild zone.
4:42 of 1st period - Slapshot by Marian Gaborik.
4:42 of 1st period - Shot Misses the Net.
4:46 of 1st period - Wrist shot by Marian Gaborik.
4:46 of 1st period - Stopped by Julien Ellis with a rebound.
4:48 of 1st period - Snap shot by Marian Gaborik.
4:48 of 1st period - Shot Blocked by Jozef Stumpel.
4:58 of 1st period - Frans Nielsen is hit by Nathan Dempsey and loses puck.
6:16 of 1st period - Penalty to Chris Drury is over, Chris Drury is back on ice.
7:35 of 1st period - Snap shot by Brian Rolston.
7:35 of 1st period - Shot Blocked by Denis Grebeshkov.
7:37 of 1st period - Slapshot by Mike Green.
7:37 of 1st period - Stopped by Ryan Miller with a rebound.
7:39 of 1st period - Slapshot by Mike Green.
7:39 of 1st period - Deflect By Brian Rolston.
7:39 of 1st period - Shot Misses the Net.
7:39 of 1st period - Puck is out of play.
7:40 of 1st period - Frans Nielsen wins face-off versus Rod Brind'Amour in Coyotes zone.
7:45 of 1st period - Nathan Dempsey is hit by Bill Guerin and loses puck.
8:02 of 1st period - Wrist shot by Chris Higgins.
8:02 of 1st period - Shot Blocked by Jiri Fischer.
8:04 of 1st period - Slapshot by Fedor Tyutin.
8:04 of 1st period - Stopped by Ryan Miller with a rebound.
8:06 of 1st period - Slapshot by Fedor Tyutin.
8:06 of 1st period - Stopped by Ryan Miller with a rebound.
8:30 of 1st period - Wrist shot by Mike Green.
8:30 of 1st period - Shot Misses the Net.
8:32 of 1st period - Snap shot by Rod Brind'Amour.
8:32 of 1st period - Stopped by Ryan Miller without a rebound.
8:33 of 1st period - Chris Drury wins face-off versus Tim Connolly in Coyotes zone.
8:36 of 1st period - Wrist shot by Jozef Stumpel.
8:36 of 1st period - Stopped by Ryan Miller without a rebound.
8:37 of 1st period - Tim Connolly wins face-off versus Chris Drury in Coyotes zone.
8:44 of 1st period - Wrist shot by Tim Connolly.
8:44 of 1st period - Shot Blocked by Jozef Stumpel.
9:02 of 1st period - Mark Eaton is hit by Sergei Samsonov and loses puck.
9:29 of 1st period - Snap shot by Riley Cote.
9:29 of 1st period - Deflect By Craig Adams.
9:29 of 1st period - Stopped by Julien Ellis with a rebound.
9:45 of 1st period - Wrist shot by Vaclav Prospal.
9:45 of 1st period - Shot Blocked by Kurt Sauer.
9:47 of 1st period - Slapshot by Vaclav Prospal.
9:47 of 1st period - Shot Misses the Net.
9:49 of 1st period - Backhand shot by Mark Eaton.
9:49 of 1st period - Shot Misses the Net.
9:51 of 1st period - Snap shot by Fedor Tyutin.
9:51 of 1st period - Deflect By Vaclav Prospal.
9:51 of 1st period - Stopped by Ryan Miller with a rebound.
9:53 of 1st period - Snap shot by Vaclav Prospal.
9:53 of 1st period - Stopped by Ryan Miller without a rebound.
9:54 of 1st period - Chris Drury wins face-off versus Tim Connolly in Coyotes zone.
11:00 of 1st period - Icing by Jozef Stumpel.
11:01 of 1st period - Tim Connolly wins face-off versus Chris Drury in Wild zone.
11:08 of 1st period - Snap shot by Brenden Morrow.
11:08 of 1st period - Shot Blocked by Jozef Stumpel.
11:45 of 1st period - Off-side.
11:46 of 1st period - Rod Brind'Amour wins face-off versus Maxim Lapierre in neutral zone.
12:01 of 1st period - Snap shot by Rod Brind'Amour.
12:01 of 1st period - Shot Misses the Net.
12:11 of 1st period - Fedor Tyutin is hit by Sergei Samsonov and loses puck.
12:16 of 1st period - Snap shot by Maxim Lapierre.
12:16 of 1st period - Shot Blocked by Mark Eaton.
12:18 of 1st period - Slapshot by Kurt Sauer.
12:18 of 1st period - Shot Misses the Net.
12:20 of 1st period - Snap shot by Chad Larose.
12:20 of 1st period - Shot Blocked by Mark Eaton.
12:22 of 1st period - Wrist shot by Kurt Sauer.
12:22 of 1st period - Stopped by Julien Ellis with a rebound.
12:24 of 1st period - Slapshot by Chad Larose.
12:24 of 1st period - Shot Misses the Net.
12:26 of 1st period - Slapshot by Kurt Sauer.
12:26 of 1st period - Stopped by Julien Ellis with a rebound.
12:30 of 1st period - Snap shot by Chad Larose.
12:30 of 1st period - Stopped by Julien Ellis without a rebound.
12:31 of 1st period - Tim Connolly wins face-off versus Alexei Kovalev in Wild zone.
12:56 of 1st period - Anson Carter is hit by Frans Nielsen and loses puck.
13:01 of 1st period - Slapshot by Drew Miller.
13:01 of 1st period - Stopped by Julien Ellis without a rebound.
13:02 of 1st period - Frans Nielsen wins face-off versus Jozef Stumpel in Wild zone.
13:13 of 1st period - Snap shot by Jozef Stumpel.
13:13 of 1st period - Shot Misses the Net.
13:35 of 1st period - Wrist shot by Drew Miller.
13:35 of 1st period - Stopped by Julien Ellis with a rebound.
13:47 of 1st period - Wrist shot by Drew Miller.
13:47 of 1st period - Deflect By Frans Nielsen.
13:47 of 1st period - Shot Blocked by Niclas Wallin.
13:47 of 1st period - Puck is out of play.
13:48 of 1st period - Tim Connolly wins face-off versus Chris Drury in Wild zone.
14:51 of 1st period - Slapshot by Riley Cote.
14:51 of 1st period - Shot Misses the Net.
15:39 of 1st period - Wrist shot by Sergei Samsonov.
15:39 of 1st period - Stopped by Julien Ellis without a rebound.
15:40 of 1st period - Tim Connolly wins face-off versus Chris Drury in Wild zone.
16:19 of 1st period - Snap shot by Chad Larose.
16:19 of 1st period - Shot Misses the Net.
17:06 of 1st period - Minor Penalty to Vaclav Prospal for Interference.
17:07 of 1st period - Tim Connolly wins face-off versus Chris Drury in Wild zone.
17:40 of 1st period - Backhand shot by Drew Miller.
17:40 of 1st period - Stopped by Julien Ellis with a rebound.
18:49 of 1st period - Icing by Brenden Morrow.
18:50 of 1st period - Tim Connolly wins face-off versus Brian Rolston in Coyotes zone.
19:06 of 1st period - Penalty to Vaclav Prospal is over, Vaclav Prospal is back on ice.
19:15 of 1st period - Maxim Lapierre is hit by Vaclav Prospal and loses puck.
19:22 of 1st period - Snap shot by Anson Carter.
19:22 of 1st period - Stopped by Ryan Miller without a rebound.
19:23 of 1st period - Joël Perrault wins face-off versus Rod Brind'Amour in Coyotes zone.
19:23 of 1st period - Joël Perrault is hit by Brian Rolston.
19:49 of 1st period - Craig Adams is hit by Fedor Tyutin and loses puck.
2nd period
0:01 of 2nd period - Tim Connolly wins face-off versus Chris Drury in neutral zone.
0:07 of 2nd period - Minor Penalty to Chris Drury for Goalie Interference.
0:08 of 2nd period - Tim Connolly wins face-off versus Brian Rolston in Wild zone.
0:23 of 2nd period - Wrist shot by Tim Connolly.
0:23 of 2nd period - Shot Blocked by Nathan Dempsey.
0:41 of 2nd period - Backhand shot by Denis Grebeshkov.
0:41 of 2nd period - Shot Misses the Net.
0:43 of 2nd period - Slapshot by Denis Grebeshkov.
0:43 of 2nd period - Deflect By Frans Nielsen.
0:43 of 2nd period - Stopped by Julien Ellis with a rebound.
1:12 of 2nd period - Bill Guerin is hit by Glen Metropolit and loses puck.
2:07 of 2nd period - Penalty to Chris Drury is over, Chris Drury is back on ice.
3:23 of 2nd period - Minor Penalty to Sergei Samsonov for Interference.
3:24 of 2nd period - Chris Drury wins face-off versus Frans Nielsen in Coyotes zone.
3:25 of 2nd period - Snap shot by Jozef Stumpel.
3:25 of 2nd period - Stopped by Ryan Miller with a rebound.
3:27 of 2nd period - Snap shot by Chris Drury.
3:27 of 2nd period - Shot Blocked by Kurt Sauer.
3:29 of 2nd period - Wrist shot by Jozef Stumpel.
3:29 of 2nd period - Goal by Jozef Stumpel - Wild : 1 - Coyotes : 0.
3:30 of 2nd period - Chris Drury wins face-off versus Marian Gaborik in neutral zone.
3:45 of 2nd period - Slapshot by Mike Green.
3:45 of 2nd period - Stopped by Ryan Miller without a rebound.
3:46 of 2nd period - Vaclav Prospal wins face-off versus Frans Nielsen in Coyotes zone.
3:55 of 2nd period - Snap shot by Vaclav Prospal.
3:55 of 2nd period - Shot Blocked by Drew Miller.
3:57 of 2nd period - Slapshot by Nathan Dempsey.
3:57 of 2nd period - Stopped by Ryan Miller without a rebound.
3:58 of 2nd period - Chris Drury wins face-off versus Brenden Morrow in Coyotes zone.
4:11 of 2nd period - Snap shot by Marian Gaborik.
4:11 of 2nd period - Shot Misses the Net.
4:25 of 2nd period - Snap shot by Vaclav Prospal.
4:25 of 2nd period - Goal by Vaclav Prospal - Wild : 2 - Coyotes : 0.
4:26 of 2nd period - Chris Drury wins face-off versus Tim Connolly in neutral zone.
4:39 of 2nd period - Wrist shot by Jozef Stumpel.
4:39 of 2nd period - Shot Misses the Net.
4:41 of 2nd period - Slapshot by Alexei Kovalev.
4:41 of 2nd period - Shot Blocked by Tom Poti.
5:00 of 2nd period - Snap shot by Vaclav Prospal.
5:00 of 2nd period - Stopped by Ryan Miller with a rebound.
5:07 of 2nd period - Icing by Drew Miller.
5:08 of 2nd period - Chris Higgins wins face-off versus Maxim Lapierre in Coyotes zone.
5:09 of 2nd period - Snap shot by Brian Rolston.
5:09 of 2nd period - Stopped by Ryan Miller without a rebound.
5:10 of 2nd period - Rod Brind'Amour wins face-off versus Maxim Lapierre in Coyotes zone.
6:10 of 2nd period - Snap shot by Jozef Stumpel.
6:10 of 2nd period - Deflect By Chris Drury.
6:10 of 2nd period - Shot Blocked by Denis Grebeshkov.
6:10 of 2nd period - Puck is out of play.
6:11 of 2nd period - Vaclav Prospal wins face-off versus Tim Connolly in Coyotes zone.
6:25 of 2nd period - Icing by Vaclav Prospal.
6:26 of 2nd period - Frans Nielsen wins face-off versus Vaclav Prospal in Wild zone.
6:27 of 2nd period - Slapshot by Bill Guerin.
6:27 of 2nd period - Stopped by Julien Ellis without a rebound.
6:28 of 2nd period - Frans Nielsen wins face-off versus Chris Drury in Wild zone.
6:54 of 2nd period - Tom Poti is hit by Vaclav Prospal and loses puck.
7:13 of 2nd period - Slapshot by Sergei Samsonov.
7:13 of 2nd period - Stopped by Julien Ellis with a rebound.
7:15 of 2nd period - Wrist shot by Sergei Samsonov.
7:15 of 2nd period - Shot Misses the Net.
7:24 of 2nd period - Snap shot by Chad Larose.
7:24 of 2nd period - Stopped by Julien Ellis without a rebound.
7:25 of 2nd period - Chris Drury wins face-off versus Frans Nielsen in Wild zone.
7:42 of 2nd period - Sami Lepisto is hit by Alexei Kovalev and loses puck.
8:07 of 2nd period - Sami Lepisto is hit by Mark Eaton and loses puck.
8:59 of 2nd period - Icing by Mike Green.
9:00 of 2nd period - Chris Drury wins face-off versus Frans Nielsen in Wild zone.
9:53 of 2nd period - Jiri Fischer is hit by Chris Higgins and loses puck.
10:16 of 2nd period - Slapshot by Joël Perrault.
10:16 of 2nd period - Stopped by Julien Ellis with a rebound.
10:29 of 2nd period - Off-side.
10:30 of 2nd period - Drew Miller wins face-off versus Chris Drury in neutral zone.
10:47 of 2nd period - Slapshot by Drew Miller.
10:47 of 2nd period - Shot Misses the Net.
10:59 of 2nd period - Wrist shot by Alexei Kovalev.
10:59 of 2nd period - Stopped by Ryan Miller with a rebound.
11:32 of 2nd period - Snap shot by Chris Drury.
11:32 of 2nd period - Stopped by Ryan Miller with a rebound.
11:34 of 2nd period - Slapshot by Niclas Wallin.
11:34 of 2nd period - Stopped by Ryan Miller with a rebound.
11:36 of 2nd period - Snap shot by Chris Drury.
11:36 of 2nd period - Stopped by Ryan Miller with a rebound.
11:44 of 2nd period - Snap shot by Chris Drury.
11:44 of 2nd period - Shot Blocked by Bill Guerin.
11:50 of 2nd period - Wrist shot by Chris Drury.
11:50 of 2nd period - Shot Blocked by Denis Grebeshkov.
11:58 of 2nd period - Wrist shot by Jozef Stumpel.
11:58 of 2nd period - Stopped by Ryan Miller without a rebound.
11:59 of 2nd period - Vaclav Prospal wins face-off versus Brenden Morrow in Coyotes zone.
12:00 of 2nd period - Slapshot by Anson Carter.
12:00 of 2nd period - Stopped by Ryan Miller without a rebound.
12:01 of 2nd period - Tim Connolly wins face-off versus Vaclav Prospal in Coyotes zone.
12:27 of 2nd period - Snap shot by Craig Adams.
12:27 of 2nd period - Stopped by Julien Ellis with a rebound.
12:29 of 2nd period - Slapshot by Craig Adams.
12:29 of 2nd period - Stopped by Julien Ellis with a rebound.
13:33 of 2nd period - Minor Penalty to Fedor Tyutin for Hooking.
13:34 of 2nd period - Tim Connolly wins face-off versus Chris Drury in Wild zone.
13:47 of 2nd period - Wrist shot by Marian Gaborik.
13:47 of 2nd period - Shot Blocked by Shane Hnidy.
13:49 of 2nd period - Slapshot by Tom Poti.
13:49 of 2nd period - Goal by Tom Poti - Wild : 2 - Coyotes : 1.
13:50 of 2nd period - Chris Drury wins face-off versus Tim Connolly in neutral zone.
14:15 of 2nd period - Drew Miller is hit by Anson Carter.
14:34 of 2nd period - Icing by Denis Grebeshkov.
14:35 of 2nd period - Maxim Lapierre wins face-off versus Rod Brind'Amour in Coyotes zone.
15:04 of 2nd period - Slapshot by Drew Miller.
15:04 of 2nd period - Shot Misses the Net.
15:24 of 2nd period - Wrist shot by Brian Rolston.
15:24 of 2nd period - Stopped by Ryan Miller without a rebound.
15:25 of 2nd period - Chris Drury wins face-off versus Tim Connolly in Coyotes zone.
15:36 of 2nd period - Wrist shot by Marian Gaborik.
15:36 of 2nd period - Stopped by Julien Ellis with a rebound.
15:38 of 2nd period - Snap shot by Lukas Krajicek.
15:38 of 2nd period - Deflect By Brenden Morrow.
15:38 of 2nd period - Shot Blocked by Mark Eaton.
15:38 of 2nd period - Puck is out of play.
15:39 of 2nd period - Tim Connolly wins face-off versus Chris Drury in Wild zone.
16:33 of 2nd period - Mark Eaton is hit by Maxim Lapierre and loses puck.
16:40 of 2nd period - Slapshot by Fedor Tyutin.
16:40 of 2nd period - Shot Blocked by Maxim Lapierre.
17:12 of 2nd period - Slapshot by Nathan Dempsey.
17:12 of 2nd period - Stopped by Ryan Miller with a rebound.
17:22 of 2nd period - Slapshot by Marian Gaborik.
17:22 of 2nd period - Shot Misses the Net.
17:36 of 2nd period - Snap shot by R.J. Umberger.
17:36 of 2nd period - Goal by R.J. Umberger - Wild : 3 - Coyotes : 1.
17:37 of 2nd period - Tim Connolly wins face-off versus Chris Drury in neutral zone.
18:02 of 2nd period - Alexei Kovalev is hit by Maxim Lapierre and loses puck.
18:14 of 2nd period - Icing by Shane Hnidy.
18:15 of 2nd period - Tim Connolly wins face-off versus Chris Drury in Wild zone.
18:20 of 2nd period - Snap shot by Tim Connolly.
18:20 of 2nd period - Stopped by Julien Ellis with a rebound.
18:22 of 2nd period - Slapshot by Sami Lepisto.
18:22 of 2nd period - Shot Blocked by Alexei Kovalev.
18:24 of 2nd period - Wrist shot by Marian Gaborik.
18:24 of 2nd period - Shot Misses the Net.
18:31 of 2nd period - Minor Penalty to Jozef Stumpel for High sticking.
18:32 of 2nd period - Tim Connolly wins face-off versus Chris Drury in Wild zone.
18:35 of 2nd period - Snap shot by Brenden Morrow.
18:35 of 2nd period - Shot Misses the Net.
19:03 of 2nd period - Backhand shot by Frans Nielsen.
19:03 of 2nd period - Shot Misses the Net.
19:05 of 2nd period - Wrist shot by Frans Nielsen.
19:05 of 2nd period - Stopped by Julien Ellis with a rebound.
19:07 of 2nd period - Slapshot by Bill Guerin.
19:07 of 2nd period - Deflect By Drew Miller.
19:07 of 2nd period - Shot Hit the Post.
19:07 of 2nd period - Puck is out of play.
19:08 of 2nd period - Brenden Morrow wins face-off versus Glen Metropolit in Wild zone.
19:33 of 2nd period - Frans Nielsen is hit by Alexei Kovalev and loses puck.
3rd period
0:01 of 3rd period - Chris Drury wins face-off versus Tim Connolly in neutral zone.
0:06 of 3rd period - Wrist shot by Chris Drury.
0:06 of 3rd period - Stopped by Ryan Miller with a rebound.
0:31 of 3rd period - Penalty to Jozef Stumpel is over, Jozef Stumpel is back on ice.
1:13 of 3rd period - Slapshot by Fedor Tyutin.
1:13 of 3rd period - Stopped by Ryan Miller without a rebound.
1:14 of 3rd period - Tim Connolly wins face-off versus Rod Brind'Amour in Coyotes zone.
1:33 of 3rd period - Brenden Morrow is hit by Brian Rolston and loses puck.
1:46 of 3rd period - Vaclav Prospal is hit by Frans Nielsen and loses puck.
1:51 of 3rd period - Wrist shot by Bill Guerin.
1:51 of 3rd period - Shot Blocked by Vaclav Prospal.
2:16 of 3rd period - Wrist shot by Jozef Stumpel.
2:16 of 3rd period - Shot Misses the Net.
2:18 of 3rd period - Wrist shot by Alexei Kovalev.
2:18 of 3rd period - Stopped by Ryan Miller without a rebound.
2:19 of 3rd period - Chris Drury wins face-off versus Tim Connolly in Coyotes zone.
2:28 of 3rd period - Mike Green is hit by Tom Poti and loses puck.
2:36 of 3rd period - Off-side.
2:37 of 3rd period - Frans Nielsen wins face-off versus Vaclav Prospal in neutral zone.
2:40 of 3rd period - Slapshot by Tom Poti.
2:40 of 3rd period - Shot Misses the Net.
3:02 of 3rd period - Drew Miller is hit by Rod Brind'Amour and loses puck.
3:17 of 3rd period - Wrist shot by Frans Nielsen.
3:17 of 3rd period - Shot Misses the Net.
3:45 of 3rd period - Snap shot by Frans Nielsen.
3:45 of 3rd period - Stopped by Julien Ellis without a rebound.
3:46 of 3rd period - Tim Connolly wins face-off versus Chris Drury in Wild zone.
3:57 of 3rd period - Slapshot by Chris Drury.
3:57 of 3rd period - Shot Misses the Net.
4:11 of 3rd period - Anson Carter is hit by Chad Larose and loses puck.
4:16 of 3rd period - Wrist shot by Sergei Samsonov.
4:16 of 3rd period - Shot Blocked by Mike Green.
4:18 of 3rd period - Snap shot by Chad Larose.
4:18 of 3rd period - Shot Misses the Net.
4:20 of 3rd period - Wrist shot by Lukas Krajicek.
4:20 of 3rd period - Stopped by Julien Ellis with a rebound.
4:22 of 3rd period - Snap shot by Maxim Lapierre.
4:22 of 3rd period - Stopped by Julien Ellis with a rebound.
4:24 of 3rd period - Wrist shot by Jiri Fischer.
4:24 of 3rd period - Deflect By Sergei Samsonov.
4:24 of 3rd period - Shot Blocked by Anson Carter.
4:24 of 3rd period - Puck is out of play.
4:25 of 3rd period - Tim Connolly wins face-off versus Chris Drury in Wild zone.
5:19 of 3rd period - Snap shot by Craig Adams.
5:19 of 3rd period - Shot Hit the Post.
5:49 of 3rd period - Denis Grebeshkov is hit by Alexei Kovalev and loses puck.
6:08 of 3rd period - Slapshot by R.J. Umberger.
6:08 of 3rd period - Shot Misses the Net.
6:54 of 3rd period - Wrist shot by Chris Drury.
6:54 of 3rd period - Shot Misses the Net.
7:04 of 3rd period - Wrist shot by Jozef Stumpel.
7:04 of 3rd period - Shot Misses the Net.
7:13 of 3rd period - Off-side.
7:14 of 3rd period - Tim Connolly wins face-off versus Rod Brind'Amour in neutral zone.
7:25 of 3rd period - Snap shot by Brian Rolston.
7:25 of 3rd period - Stopped by Ryan Miller with a rebound.
7:27 of 3rd period - Slapshot by Niclas Wallin.
7:27 of 3rd period - Stopped by Ryan Miller without a rebound.
7:28 of 3rd period - Tim Connolly wins face-off versus Chris Drury in Coyotes zone.
7:35 of 3rd period - Backhand shot by Brenden Morrow.
7:35 of 3rd period - Deflect By Marian Gaborik.
7:35 of 3rd period - Stopped by Julien Ellis with a rebound.
7:59 of 3rd period - Minor Penalty to Denis Grebeshkov for Tripping.
8:00 of 3rd period - Alexei Kovalev wins face-off versus Frans Nielsen in Coyotes zone.
8:53 of 3rd period - Snap shot by Craig Adams.
8:53 of 3rd period - Stopped by Julien Ellis with a rebound.
8:55 of 3rd period - Slapshot by Tom Poti.
8:55 of 3rd period - Stopped by Julien Ellis with a rebound.
9:59 of 3rd period - Penalty to Denis Grebeshkov is over, Denis Grebeshkov is back on ice.
10:13 of 3rd period - Sergei Samsonov is hit by Mark Eaton and loses puck.
10:40 of 3rd period - Joël Perrault is hit by Glen Metropolit and loses puck.
10:42 of 3rd period - Minor Penalty to Jonathan Rheault for Hooking.
10:43 of 3rd period - Tim Connolly wins face-off versus Chris Drury in Wild zone.
10:48 of 3rd period - Snap shot by Marian Gaborik.
10:48 of 3rd period - Stopped by Julien Ellis with a rebound.
11:14 of 3rd period - Snap shot by Frans Nielsen.
11:14 of 3rd period - Shot Misses the Net.
12:42 of 3rd period - Penalty to Jonathan Rheault is over, Jonathan Rheault is back on ice.
14:42 of 3rd period - Brenden Morrow is hit by Jozef Stumpel and loses puck.
15:14 of 3rd period - Fedor Tyutin is hit by Bill Guerin and loses puck.
15:31 of 3rd period - Icing by Shane Hnidy.
15:32 of 3rd period - Frans Nielsen wins face-off versus Vaclav Prospal in Wild zone.
15:57 of 3rd period - Slapshot by R.J. Umberger.
15:57 of 3rd period - Stopped by Ryan Miller with a rebound.
15:59 of 3rd period - Snap shot by Anson Carter.
15:59 of 3rd period - Stopped by Ryan Miller with a rebound.
16:01 of 3rd period - Slapshot by Niclas Wallin.
16:01 of 3rd period - Stopped by Ryan Miller without a rebound.
16:02 of 3rd period - Chris Drury wins face-off versus Maxim Lapierre in Coyotes zone.
16:32 of 3rd period - Wrist shot by Jiri Fischer.
16:32 of 3rd period - Deflect By Frans Nielsen.
16:32 of 3rd period - Shot Misses the Net.
16:32 of 3rd period - Puck is out of play.
16:33 of 3rd period - Marian Gaborik wins face-off versus Rod Brind'Amour in Wild zone.
16:36 of 3rd period - Slapshot by Marian Gaborik.
16:36 of 3rd period - Stopped by Julien Ellis without a rebound.
16:37 of 3rd period - Chris Drury wins face-off versus Tim Connolly in Wild zone.
16:44 of 3rd period - Snap shot by Chris Drury.
16:44 of 3rd period - Shot Misses the Net.
16:46 of 3rd period - Wrist shot by Jozef Stumpel.
16:46 of 3rd period - Stopped by Ryan Miller without a rebound.
16:47 of 3rd period - Maxim Lapierre wins face-off versus Chris Drury in Coyotes zone.
16:53 of 3rd period - Minor Penalty to Jozef Stumpel for Tripping.
16:54 of 3rd period - Tim Connolly wins face-off versus Chris Drury in Wild zone.
17:36 of 3rd period - Minor Penalty to Brenden Morrow for Holding Stick.
17:37 of 3rd period - Tim Connolly wins face-off versus Rod Brind'Amour in Coyotes zone.
18:53 of 3rd period - Penalty to Jozef Stumpel is over, Jozef Stumpel is back on ice.
19:08 of 3rd period - Kurt Sauer is hit by Nathan Dempsey and loses puck.
19:36 of 3rd period - Penalty to Brenden Morrow is over, Brenden Morrow is back on ice.
19:45 of 3rd period - Snap shot by Rod Brind'Amour.
19:45 of 3rd period - Shot Misses the Net.
19:55 of 3rd period - Shane Hnidy is hit by Sergei Samsonov and loses puck.
Output by the SimonT Hockey Simulator (STHS) for François Prévost -- Original Page W3C XHTML 1.0 Valid